Map: Newkirk Precinct TE (Void)

Players

Fropez - Winner!

  • Race: Protoss Protoss
  • League: Platinum
  • Spawn Location: 5:00

PersaeuZZ

  • Race: Zerg Zerg
  • Spawn Location: 7:00

VOD

Have the link to the VOD?

Description

Time

  • Played on: Jan. 27, 2017, 10:32 a.m.
  • Length: 5:48
Show
View Real Time Build Order
Export as new Build Order

Fropez Protoss - Winner!

Build Orders: 1 Gate Expand 

Get SALT Encoding   

  12  0:01  Probe (Chrono Boost)  
  13  0:11  Probe (Chrono Boost)  
  14  0:18  Pylon  
  14  0:24  Probe (Chrono Boost)  
  15  0:36  Gateway  
  15  0:39  Probe (Chrono Boost)  
  16  0:44  Assimilator  
  16  0:49  Probe (Chrono Boost)  
  17  1:08  Probe (Chrono Boost)  
  18  1:16  Assimilator  
  18  1:20  Probe (Chrono Boost)  
  19  1:35  Nexus  
  19  1:40  Pylon  
  19  1:47  Cybernetics Core  
  19  1:50  Probe (Chrono Boost)  
  20  2:00  Probe (Chrono Boost)  
  21  2:13  Gateway  
  21  2:16  Gateway  
  21  2:26  Mothership Core (Chrono Boost)  
  21  2:29  Adept  
  25  2:40  Pylon  
  25  2:46  Probe (Chrono Boost)  
  25  2:47  Probe (Chrono Boost)  
  28  2:58  Probe (Chrono Boost)  
  28  3:00  Adept  
  28  3:05  Adept  
  32  3:11  Adept  
  34  3:23  Gateway  
  34  3:27  Warp Gate  
  34  3:31  Probe (Chrono Boost)  
  34  3:32  Probe (Chrono Boost)  
  36  3:42  Twilight Council  
  36  4:00  Adept  
  36  4:01  Adept x2  
  40  4:18  Pylon  
  40  4:34  Probe (Chrono Boost)  
  40  4:35  Probe (Chrono Boost)  
  42  4:45  Probe (Chrono Boost), Assimilator  
  42  4:57  Pylon  
  42  5:03  Pylon, Probe (Chrono Boost)  
  42  5:04  Probe (Chrono Boost)  
  44  5:13  Pylon, Probe (Chrono Boost)  
  45  5:16  Probe (Chrono Boost)  
Show
View Real Time Build Order
Export as new Build Order

PersaeuZZ Zerg 

Build Orders: Hatch First 

Get SALT Encoding   

  12  0:06  Drone  
  13  0:09  Drone  
  14  0:18  Overlord  
  14  0:36  Drone  
  14  0:37  Drone  
  14  0:40  Drone  
  17  0:49  Drone  
  18  1:07  Drone, Hatchery  
  18  1:11  Drone  
  19  1:22  Drone  
  20  1:30  Spawning Pool  
  20  1:31  Extractor  
  18  1:33  Drone  
  19  1:43  Overlord  
  19  1:54  Drone  
  20  2:18  Zergling x4  
  20  2:19  Queen  
  20  2:22  Drone  
  25  2:25  Queen  
  25  2:26  Drone  
  28  2:30  Overlord  
  29  2:37  Drone  
  29  2:41  Drone  
  30  2:49  Evolution Chamber  
  30  2:50  Drone  
  30  2:51  Evolution Chamber, Drone  
  30  2:58  Queen  
  30  3:01  Queen  
  34  3:05  Drone  
  34  3:06  Drone  
  34  3:09  Drone  
  34  3:11  Metabolic Boost  
  35  3:30  Drone  
  35  3:33  Drone  
  37  3:34  Drone  
  37  3:36  Hatchery  
  37  3:43  Drone  
  37  3:44  Drone x3  
  41  3:48  Zerg Melee Weapons Level 1  
  39  3:57  Drone x3  
  39  3:58  Drone  
  43  4:05  Drone  
  43  4:08  Overlord  
  43  4:09  Overlord  
  44  4:11  Overlord  
  44  4:18  Extractor, Drone  
  44  4:32  Drone x5  
  44  4:33  Drone  
  50  4:39  Extractor  
  50  4:41  Drone  
  50  4:48  Extractor  
  50  4:52  Roach Warren  
  48  4:53  Zergling x14  
  48  4:54  Zergling x2  
  56  5:06  Drone  
  58  5:07  Drone x2  
  59  5:21  Zergling x12  
  57  5:22  Zergling x4  
Tags
 
Add a new tag
Caveats
  • Supply blocks, unpowered buildings, or Contaminate may cause inaccurate times.
  • Supply counts are checked every 10 seconds.